Map: 世界主宰-天梯版

Players

llllllllllll - Winner!

  • Race: Zerg Zerg
  • League: Grandmaster

Vanya

  • Race: Terran Terran
  • League: Grandmaster

VOD

Have the link to the VOD?

Description

Time

  • Played on: Sept. 14, 2021, 1:31 a.m.
  • Length: 7:56
Show
View Real Time Build Order
Export as new Build Order

llllllllllll Zerg - Winner!

Build Orders: Hatch First 

Get SALT Encoding   

  12  0:00  Drone  
  13  0:12  Overlord  
  13  0:17  Drone  
  14  0:30  Drone  
  14  0:31  Drone  
  16  0:48  Hatchery  
  15  0:52  Drone  
  15  0:55  Drone  
  17  0:59  Drone  
  18  1:09  Extractor  
  17  1:14  Spawning Pool  
  17  1:17  Drone  
  17  1:20  Drone  
  18  1:28  Drone  
  19  1:39  Drone  
  20  1:49  Overlord  
  20  2:00  Queen  
  20  2:01  Queen  
  24  2:02  Zergling x4  
  26  2:09  Metabolic Boost  
  26  2:10  Drone  
  26  2:13  Drone  
  28  2:21  Drone  
  28  2:22  Drone  
  29  2:33  Drone  
  29  2:34  Drone  
  29  2:36  Queen  
  33  2:43  Overlord  
  33  2:45  Drone  
  33  2:48  Lair  
  34  2:54  Drone  
  34  2:55  Drone  
  36  3:05  Overlord  
  36  3:07  Drone  
  36  3:11  Drone x2  
  40  3:12  Drone  
  40  3:13  Drone x3  
  40  3:16  Drone  
  44  3:20  Overlord  
  44  3:28  Overlord  
  44  3:36  Hatchery  
  44  3:38  Drone  
  44  3:39  Drone  
  45  3:48  Queen  
  45  3:49  Nydus Network  
  45  3:53  Queen  
  48  3:57  Zergling x4  
  48  3:59  Zergling x2  
  48  4:00  Zergling x2  
  52  4:06  Extractor  
  52  4:07  Drone x3, Extractor  
  53  4:11  Drone x3  
  53  4:15  Overlord  
  56  4:25  Nydus Canal  
  56  4:27  Queen  
  56  4:28  Queen  
  61  4:31  Drone x2  
  61  4:34  Overlord  
  61  4:35  Drone  
  61  4:36  Overseer  
  63  4:38  Drone  
  63  4:40  Drone  
  66  4:45  Drone  
  66  4:46  Drone  
  66  4:47  Overseer  
  66  4:50  Queen  
  66  4:52  Drone  
  70  4:53  Drone  
  70  4:55  Nydus Canal  
  70  4:57  Drone  
  70  4:58  Drone  
  73  5:03  Drone x3  
  76  5:08  Spore Crawler, Drone  
  76  5:10  Nydus Canal  
  76  5:11  Drone x2  
  78  5:21  Drone, Spire  
  77  5:22  Drone x2, Extractor  
  77  5:23  Drone, Extractor  
  77  5:28  Drone x2  
  81  5:31  Drone x2  
  81  5:32  Nydus Canal  
  81  5:35  Queen  
  85  5:36  Extractor  
  85  5:37  Drone  
  85  5:43  Zergling x2  
  85  5:44  Zergling x4  
  88  5:52  Zergling x2  
  88  5:53  Zergling x2  
  88  5:56  Overlord x2  
  88  5:57  Baneling Nest  
  89  6:07  Overlord  
  86  6:14  Zergling x6  
  86  6:15  Overlord  
  86  6:17  Drone x3  
  86  6:18  Overlord  
  91  6:25  Zergling x8  
  90  6:37  Mutalisk x3  
  93  6:43  Mutalisk x2  
  93  6:44  Hatchery  
  96  6:48  Baneling Nest, Mutalisk x2  
  96  6:53  Drone x2  
  101  6:55  Hatchery, Mutalisk  
  101  6:56  Evolution Chamber x2  
  101  6:58  Mutalisk  
  101  7:01  Overlord  
  102  7:06  Drone  
  104  7:09  Zergling x4  
  106  7:22  Mutalisk x2  
  102  7:26  Nydus Canal  
  102  7:28  Mutalisk  
  105  7:37  Zergling x22  
Show
View Real Time Build Order
Export as new Build Order

Vanya Terran 

Build Orders: Reaper Expand, Hellion Banshee 

Get SALT Encoding   

  12  0:00  SCV  
  13  0:12  SCV  
  14  0:17  Supply Depot  
  14  0:24  SCV  
  15  0:38  SCV  
  15  0:40  Barracks  
  16  0:46  Refinery  
  16  0:50  SCV  
  17  1:03  SCV  
  18  1:15  SCV  
  19  1:28  Orbital Command  
  19  1:29  Reaper  
  20  1:39  Command Center  
  20  1:48  Supply Depot  
  20  1:54  SCV  
  21  2:01  Marine  
  21  2:06  SCV  
  23  2:12  Factory  
  23  2:18  SCV  
  24  2:24  Barracks Reactor  
  24  2:40  SCV  
  24  2:42  Command Center  
  24  2:51  Orbital Command  
  24  2:55  SCV  
  25  3:04  Hellion  
  25  3:05  Hellion  
  29  3:07  Starport  
  29  3:09  SCV  
  30  3:17  SCV  
  31  3:21  SCV  
  31  3:25  Refinery  
  31  3:26  Hellion x2  
  36  3:30  SCV  
  36  3:33  Barracks Tech Lab, SCV  
  38  3:42  SCV  
  38  3:45  SCV  
  40  3:49  Hellion x2  
  40  3:54  SCV  
  45  3:56  Orbital Command  
  45  3:57  SCV  
  45  3:59  Banshee  
  49  4:05  Refinery  
  49  4:06  SCV  
  49  4:08  Barracks Tech Lab  
  49  4:09  SCV  
  51  4:14  Supply Depot  
  51  4:18  SCV  
  51  4:21  SCV  
  53  4:26  Factory Reactor, Barracks x2  
  53  4:28  SCV  
  53  4:30  SCV  
  55  4:35  SCV  
  56  4:40  Supply Depot, SCV  
  56  4:43  Marauder  
  56  4:44  Banshee  
  62  4:47  Orbital Command  
  61  4:55  Refinery  
  61  5:10  Supply Depot  
  61  5:11  Stimpack  
  61  5:25  Marine x2, Barracks Reactor  
  61  5:26  Marauder, Widow Mine x2  
  69  5:32  SCV x2  
  69  5:33  Engineering Bay x2, Supply Depot  
  71  5:43  Marine x2  
  71  5:44  SCV x2  
  71  5:46  Marine  
  76  5:50  Supply Depot  
  76  5:56  Widow Mine x2  
  80  6:01  Marine x2  
  80  6:04  Marine  
  80  6:08  SCV x2  
  80  6:17  Marine x2  
  71  6:26  Orbital Command  
  59  6:33  Marauder, Marine x2  
  57  6:41  Marine x2  
  59  6:51  Marine  
  59  6:52  Marine  
  61  6:55  Marauder  
  61  6:59  Marine  
  64  7:03  SCV  
  64  7:06  Barracks  
  64  7:07  Barracks  
  64  7:08  Siege Tank  
  68  7:10  Marine x3  
  69  7:16  Marine  
  69  7:21  Medivac x2  
  69  7:23  Marine  
  69  7:27  Missile Turret  
  69  7:28  Missile Turret, Marine x2  
  65  7:32  SCV  
  65  7:33  Marine, SCV  
  65  7:34  Marine  
  53  7:44  Barracks Tech Lab  
Tags
 
Add a new tag
Caveats
  • Supply blocks, unpowered buildings, or Contaminate may cause inaccurate times.
  • Supply counts are checked every 10 seconds.